 Dungeon Crawl Stone Soup version 0.21.1-1-g345015fe64 (webtiles) character file.

5937 Htamos the Nimble (level 11, -3/67 HPs)
             Began as a Kobold Berserker on July 5, 2018.
             Was an Elder of Trog.
             Killed by Ozocubu's Refrigeration
             ... invoked by Fannar
              (24 damage)
             ... on level 9 of the Dungeon.
             The game lasted 00:43:30 (15638 turns).

Htamos the Nimble (Kobold Berserker)               Turns: 15638, Time: 00:43:30

Health: -3/67      AC: 11    Str: 14    XL:     11   Next: 9%
Magic:  11/11      EV: 27    Int:  8    God:    Trog [****..]
Gold:   529        SH:  0    Dex: 19    Spells: 10/10 levels left

rFire    . . .     SeeInvis +   P - +1 dagger
rCold    . . .     Gourm    .   (shield restricted)
rNeg     . . .     Faith    .   p - +0 troll leather armour
rPois    .         Spirit   .   q - +1 helmet
rElec    .         Reflect  .   m - +0 cloak
rCorr    .         Harm     .   L - +0 pair of gloves
MR       ++...                  J - +1 pair of boots
Stlth    ++++......             (no amulet)
HPRegen  1.61/turn              I - +1 ring of evasion
MPRegen  0.12/turn              E - ring of see invisible

@: berserk cooldown, regenerating, slowed, very slow
A: small, carnivore
a: Berserk, Trog's Hand, Brothers in Arms, Burn Spellbooks, Renounce Religion


You were on level 9 of the Dungeon.
You worshipped Trog.
Trog was greatly pleased with you.
You were very full.

You visited 1 branch of the dungeon, and saw 10 of its levels.
You also visited: Sewer and Ossuary.

You collected 529 gold pieces.

Inventory:

Hand Weapons
 a - a +0 short sword
 y - a +3 hunting sling of flaming
 P - a +1 dagger (weapon)
Missiles
 H - 4 silver tomahawks (quivered)
Armour
 m - a +0 cloak (worn)
 o - a +0 ring mail
 p - a +0 troll leather armour (worn)
 q - a +1 helmet (worn)
 A - a +0 plate armour
 J - a +1 pair of boots (worn)
 L - a +0 pair of gloves (worn)
Jewellery
 i - an uncursed ring of flight
 C - an uncursed ring of wizardry
 E - a ring of see invisible (right hand)
 I - a +1 ring of evasion (left hand)
Wands
 x - a wand of digging (6)
 N - a wand of polymorph (15)
 O - a wand of flame (64)
Scrolls
 d - 7 scrolls of identify
 r - a scroll of fog
 s - 5 scrolls of remove curse
 u - 3 scrolls of enchant weapon
 v - 6 scrolls of teleportation
 z - 2 scrolls of magic mapping
Potions
 e - 3 potions of haste {unknown}
 f - 5 potions of ambrosia {unknown}
 g - 4 potions of degeneration {unknown}
 j - 4 potions of might
 k - 5 potions of heal wounds {unknown}
 l - 3 potions of magic {unknown}
 n - 5 potions of brilliance {unknown}
 w - 5 potions of curing {unknown}
 B - 3 potions of resistance {unknown}
 F - a potion of cancellation {unknown}
 G - a potion of flight {unknown}
 M - 2 potions of agility {unknown}
Comestibles
 b - 7 chunks of flesh
 c - 27 rations


   Skills:
 * Level 7.0 Fighting
 + Level 6.0 Short Blades
 - Level 4.3 Armour
 + Level 13.7 Dodging
 * Level 9.4 Stealth


You had 10 spell levels left.
You didn't know any spells.

Dungeon Overview and Level Annotations

Branches:
Dungeon (10/15)            Temple (0/1) D:6
   Lair: D:8-11         Orc: D:9-12

Altars:
Ashenzari
Cheibriados
Hepliaklqana
Kikubaaqudgha
Nemelex Xobeh
Qazlal
Uskayaw
Xom
Beogh

Annotations:
D:9 Fannar


Innate Abilities, Weirdness & Mutations

You are small and have problems with some larger weapons.
You are carnivorous and can eat meat at any time.


Message History

You feel resistant to hostile enchantments.
You feel somewhat less full. Trog will no longer gift you weapons.
The howler monkey hits you but does no damage.
The ice beast closely misses you.
Fannar points at you and mumbles some strange words.
The bolt of cold hits the ice beast.
The ice beast completely resists.
The bolt of cold misses you. The ice beast completely misses you.
The howler monkey hoots and howls with incredible vigour!
The ice beast completely misses you. The ice beast closely misses you.
Unknown command.
Your ogre goes berserk!
You feel somewhat less full.
The howler monkey completely misses you.
The ice beast completely misses you. x2; The ice beast closely misses you.
The ice beast hits you but does no damage.
Fannar gestures wildly while chanting.
Fannar drains the heat from the surrounding environment!
You feel very cold.
You die...

...)..)..#.....#.................
.....))..#.....#.................
...............#....##'##........
#######..#.....#....'...#........
#..#.....#....#...#...#####
#..#######....#...#...#
#......>......#...#...#
#........hY...#...#..)#
#.......eY@...#...#...#####
#######.......OY....#...#........
....................#...#........
....................#####........
........##'####..................
........#.....#......[........###
........#.....#...............#..
#####...#...[.#.########......###
....#...#.....#.#......'......<.#


You could see Fannar, 3 ice beasts, a howler monkey and a friendly ogre
(berserk).

Vanquished Creatures
  The ghost of Teps the Cleaver, a novice HOMo of Beogh (D:4)
  Maurice (D:8)
  A troll (D:9)
  2 hippogriffs (D:9)
  A wyvern (D:9)
  Menkaure (D:5)
  5 orc warriors
  A phantom (D:5)
  2 ice beasts
  6 centaurs
  2 ogres
  4 big kobolds
  A crocodile (D:9)
  5 bullfrogs
  6 scorpions
  3 killer bees (D:7)
  8 wights
  A howler monkey (D:7)
  3 crimson imps
  A bullfrog skeleton (D:8)
  4 hounds
  2 jellies
  4 orc priests
  2 centaur skeletons (D:5)
  A human zombie (Ossuary)
  7 orc wizards
  4 worker ants
  A killer bee zombie (D:8)
  A big kobold zombie (Ossuary)
  A hound skeleton (D:5)
  3 mummies (Ossuary)
  A worker ant zombie (D:9)
  Robin (D:2)
  6 adders
  8 gnolls (D:6)
  7 river rats (Sewer)
  2 shadow imps
  An ooze (D:4)
  3 adder zombies
  A worm zombie (D:8)
  An adder skeleton (D:9)
  4 worms
  4 dart slugs
  12 leopard geckos
  49 orcs
  6 ball pythons
  7 giant cockroaches
  17 goblins
  6 hobgoblins
  25 jackals
  A quokka (D:6)
  9 bats
  8 frilled lizards
  A gnoll zombie (D:8)
  2 goblin zombies (Ossuary)
  3 hobgoblin zombies (Ossuary)
  21 kobolds
  2 kobold zombies
  A leopard gecko skeleton (D:4)
  An orc zombie (Ossuary)
  3 quokka zombies (Ossuary)
  19 rats
  4 rat zombies (Ossuary)
321 creatures vanquished.

Vanquished Creatures (collateral kills)
  A troll (D:9)
  A hornet zombie (D:8)
  2 crimson imps
  3 orc priests
  3 orc wizards (D:6)
10 creatures vanquished.

Grand Total: 331 creatures vanquished

Notes
Turn   | Place    | Note
-------+----------+-------------------------------------------
     0 | D:1      | Htamos the Kobold Berserker began the quest for the Orb.
     0 | D:1      | Reached XP level 1. HP: 14/14 MP: 1/1
    82 | D:1      | Reached skill level 1 in Stealth
    93 | D:1      | Reached XP level 2. HP: 4/19 MP: 2/2
   795 | D:1      | Reached skill level 3 in Dodging
   832 | D:1      | Reached XP level 3. HP: 18/23 MP: 3/3
  2126 | D:2      | Noticed Robin
  2136 | D:1      | Reached XP level 4. HP: 19/28 MP: 4/4
  2547 | D:1      | Reached ** piety under Trog
  2680 | D:2      | Killed Robin
  3496 | D:3      | Reached XP level 5. HP: 20/32 MP: 5/5
  3542 | D:3      | Found a glowing drain.
  3589 | Sewer    | Entered a sewer
  3672 | Sewer    | Reached skill level 5 in Stealth
  3923 | Sewer    | Noticed a big kobold
  3923 | Sewer    | Noticed a big kobold
  3982 | Sewer    | Killed a big kobold
  3982 | Sewer    | Reached XP level 6. HP: 17/38 MP: 6/6
  4566 | Sewer    | Reached *** piety under Trog
  4693 | Sewer    | Reached XP level 7. HP: 43/43 MP: 7/7
  4884 | D:3      | Found a sparkling altar of Nemelex Xobeh.
  5857 | D:4      | Noticed Teps's ghost (novice HOMo)
  6409 | D:4      | Reached **** piety under Trog
  6956 | D:4      | Killed Teps's ghost
  6956 | D:4      | Reached XP level 8. HP: 32/51 MP: 8/8
  7131 | D:5      | Entered Level 5 of the Dungeon
  8086 | D:5      | Found a hide-covered altar of Uskayaw.
  8141 | D:5      | Reached skill level 4 in Dodging
  8141 | D:5      | Reached XP level 9. HP: 57/57 MP: 9/9
  8174 | D:5      | Noticed Menkaure
  8213 | D:5      | Killed Menkaure
  8213 | D:5      | Reached skill level 5 in Dodging
  8283 | D:5      | Reached skill level 6 in Dodging
  8529 | D:6      | Reached skill level 7 in Dodging
  8910 | D:6      | Reached ***** piety under Trog
  8910 | D:6      | Reached skill level 8 in Dodging
  8936 | D:6      | Found a sparkling altar of Nemelex Xobeh.
  9397 | D:6      | Found an ancient bone altar of Kikubaaqudgha.
  9513 | D:6      | Reached skill level 9 in Dodging
  9574 | D:6      | Found a staircase to the Ecumenical Temple.
 10213 | D:7      | Reached skill level 10 in Dodging
 10274 | D:7      | Reached XP level 10. HP: 39/63 MP: 10/10
 11010 | D:8      | Noticed Maurice
 11332 | D:8      | Reached skill level 11 in Dodging
 11365 | D:8      | Found a sand-covered staircase.
 11419 | Ossuary  | Entered an ossuary
 11574 | Ossuary  | Received a gift from Trog
 11829 | D:8      | Found a stormy altar of Qazlal.
 11829 | D:8      | Found a shattered altar of Ashenzari.
 11955 | D:8      | Killed Maurice
 11955 | D:8      | Reached skill level 12 in Dodging
 12732 | D:8      | Found a shimmering altar of Xom.
 12733 | D:8      | Found a hazy altar of Hepliaklqana.
 12734 | D:8      | Noticed a spectral ugly thing
 12942 | D:9      | Received a gift from Trog
 13480 | D:9      | Reached skill level 13 in Dodging
 14113 | D:9      | Found a snail-covered altar of Cheibriados.
 14159 | D:9      | Reached skill level 5 in Short Blades
 14396 | D:9      | Reached XP level 11. HP: 21/67 MP: 11/11
 14576 | D:9      | Identified a scroll of acquirement
 15105 | D:9      | Found a runed door.
 15451 | D:9      | Found a roughly hewn altar of Beogh.
 15555 | D:10     | Entered Level 10 of the Dungeon
 15555 | D:10     | Noticed Fannar
 15638 | D:9      | Killed from afar by Fannar

Skill      XL: |  1  2  3  4  5  6  7  8  9 10 11 |
---------------+----------------------------------+-----
Stealth        | 1 2 3 4 6 7 8 9 |  9.4
Dodging        | 3 4 10 13 | 13.7
Armour         | 2 3 4 |  4.3
Fighting       | 4 6 7 |  7.0
Short Blades   | 5 6 |  6.0

Action                   |  1- 3 |  4- 6 |  7- 9 | 10-12 || total
-------------------------+-------+-------+-------+-------++-------
Melee: Short sword       |   117 |   333 |   741 |   390 ||  1581
       Dagger            |       |       |       |   438 ||   438
Invok: Berserk           |     1 |     4 |    16 |    20 ||    41
       Trog's Hand       |       |       |     2 |     1 ||     3
       Brothers in Arms  |       |       |     1 |     5 ||     6
       Burn Spellbooks   |       |       |       |     1 ||     1
  Use: Scroll            |     3 |       |       |    17 ||    20
 Stab: Sleeping          |     9 |     9 |    15 |     6 ||    39
       Distracted        |       |       |     1 |     2 ||     3
  Eat: Chunk             |     7 |    16 |    35 |    38 ||    96
Armor: Animal skin       |    16 |       |       |       ||    16
       Ring mail         |     7 |    86 |   134 |   108 ||   335
       Troll leather arm |       |       |       |    66 ||    66
Dodge: Dodged            |   102 |   244 |   557 |   923 ||  1826
